 Dungeon Sprint DCSS version 0.30.1-11-g7821555f0a (webtiles) character file.

Game seed: 7950513675833227480

22066 DiggyJ the Slayer (level 12, -2/161 HPs)
             Began as an Ogre Gladiator on Jan 9, 2024.
             Was the Champion of Cheibriados.
             Slain by a lindwurm (shapeshifter) (8 damage)
             ... in the Dungeon (Sprint IX: "|||||||||||||||||||||||||||||").
             The game lasted 00:10:12 (1591 turns).

DiggyJ the Slayer (Ogre Gladiator)                  Turns: 1591, Time: 00:10:12

Health: -2/161     AC: 12    Str: 43    XL:     12   Next: 96%
Magic:  12/12      EV: 24    Int: 24    God:    Cheibriados [******]
Gold:   1936       SH:  0    Dex: 25    Spells: 11/11 levels left

rFire   . . .        x - +2 great mace (heavy)
rCold   . . .        (shield currently unavailable)
rNeg    . . .        g - +3 troll leather armour
rPois   .            c - +0 hat
rElec   .            A - +2 cloak
rCorr   .            (gloves unavailable)
SInv    .            (boots unavailable)
Will    +....        (no amulet)
Stlth   +++          p - +3 ring of strength
HPRegen 1.26/turn    q - +2 ring of evasion
MPRegen 0.13/turn

%: no teleportation
@: on berserk cooldown, slowed, very slow
A: large, unfitting armour, tough skin 1
a: Renounce Religion, Bend Time, Temporal Distortion, Slouch, Step From Time


You were in the Dungeon.
You worshipped Cheibriados.
Cheibriados was exalted by your worship.
You visited 1 branch You collected 1936 gold pieces.

Inventory:

Hand Weapons
 a - a +0 flail
 j - a +0 giant club
 o - a +6 morningstar of protection
 v - the +0 falchion of Urphoq {freeze, rPois}
   (You found it in the Dungeon)

   rPois:     It protects you from poison.
 x - a +2 heavy great mace (weapon)
 F - the +8 mace "Ragi" {venom, rN+}
   (You found it in the Dungeon)

   rN:        It protects you from negative energy.
Missiles
 d - 5 throwing nets (quivered)
 e - 5 large rocks
Armour
 b - a +0 robe
 c - a +0 hat (worn)
 g - a +3 troll leather armour (worn)
 r - +0 acid dragon scales
 s - +0 steam dragon scales
 A - a +2 cloak (worn)
 G - +0 storm dragon scales
 H - +1 fire dragon scales
Jewellery
 p - a +3 ring of strength (left hand)
 q - a +2 ring of evasion (right hand)
 B - a ring of protection from cold
 C - a ring of ice
 D - a ring of protection from cold
 E - a ring of poison resistance
Wands
 n - a wand of acid (10)
 z - a wand of charming (8)
Scrolls
 k - 3 scrolls of blinking
 m - 2 scrolls of amnesia
 w - a scroll of torment
 y - 3 scrolls of fog
 J - a scroll of fear
Potions
 f - a potion of invisibility
 h - a potion of haste
 i - 4 potions of magic
 l - 7 potions of curing
 t - 3 potions of might


   Skills:
 + Level 21.4 Fighting
 + Level 20.1 Maces & Flails
 + Level 4.4 Throwing
 + Level 7.9 Armour
 + Level 14.3 Dodging
 + Level 3.6 Stealth


You had 11 spell levels left.
You didn't know any spells.
Your spell library was empty.

Dungeon Overview and Level Annotations

Branches:
Dungeon (1/1)

Altars:
Cheibriados
Dithmenos
Elyvilon
Fedhas
Gozag
Hepliaklqana
Kikubaaqudgha
Makhleb
Nemelex Xobeh
Okawaru
Qazlal
Ru
Sif Muna
Trog
Uskayaw
Vehumet
Wu Jian
Xom
Yredelemnul
Zin
The Shining One
Jiyva
Lugonu

Shops:
D *((!


Innate Abilities, Weirdness & Mutations

You are too large for most types of armour.
You have tough skin. (AC +1)


Message History

The boulder beetle curls into a ball and begins rolling!
You miss the tengu warrior.
The tengu warrior is heavily wounded.
You are no longer berserk.
You are exhausted.
You feel yourself slow down.
The tengu conjurer casts a spell.
The tengu conjurer blinks!
The lindwurm closely misses you.
The lindwurm claws you but does no damage.
The lindwurm misses you. The tengu warrior barely misses you.
The tengu warrior pecks you.
* * * LOW HITPOINT WARNING * * *
The tengu warrior closely misses you. The tengu warrior blocks your attack.
The tengu warrior is heavily wounded.
The lindwurm completely misses you. The lindwurm closely misses you.
The lindwurm misses you.
The tengu warrior hits you with a +0 long sword.
* * * LOW HITPOINT WARNING * * *
The tengu warrior pecks you but does no damage.
The tengu warrior claws you but does no damage.
The lindwurm bites you.
* * * LOW HITPOINT WARNING * * *
The lindwurm completely misses you. The lindwurm claws you.
* * * LOW HITPOINT WARNING * * *
The tengu warrior hits you with a +0 long sword!
* * * LOW HITPOINT WARNING * * *
The tengu warrior misses you. The tengu warrior claws you.
* * * LOW HITPOINT WARNING * * *
Unknown command.
You thump the tengu warrior!
The tengu warrior is heavily wounded.
The boulder beetle stops rolling and uncurls.
The lindwurm bites you!
* * * LOW HITPOINT WARNING * * *
The lindwurm claws you but does no damage.
The lindwurm completely misses you. The tengu warrior misses you.
The tengu warrior barely misses you. The tengu warrior closely misses you.
The lindwurm barely misses you. The lindwurm claws you!
You die...

▓_▓.▓.▓.▓)▓.▓.▓
▓_▓.▓.▓)▓)▓)▓.▓
▓_▓.▓.▓[▓)▓.▓.▓
▓'▓.▓†▓.▓)▓.▓°▓
▓.▓.▓.▓.▓.▓.▓°▓
▓.▓.▓†▓.▓.▓.▓°▓
▓)▓.▓.▓.▓.▓.▓B▓
▓.▓.▓.▓.▓)▓.▓k▓
▓[▓.▓.▓.▓∩▓.▓@▓
▓[▓.▓.▓.▓.▓.▓Q▓
▓[▓.▓.▓.▓∩▓.▓Q▓
▓.▓.▓.▓.▓.▓.▓*▓
▓.▓.▓.▓.▓∩▓.▓.▓
▓)▓.▓.▓.▓)▓.▓.▓
▓.▓.▓[▓.▓∩▓.▓.▓
▓.▓.▓.▓.▓)▓.▓.▓
▓.▓.▓'▓.▓.▓.▓


You could see a boulder beetle, a tengu warrior, a lindwurm shaped shifter, a
tengu conjurer and a battlesphere (distracted).

Vanquished Creatures
  A fire giant (D)
  2 fire dragons (D)
  Harold (D)
  2 ice dragons (D)
  An ogre mage (D)
  A hydra (D)
  A two-headed ogre (D)
  A centaur warrior (D)
  3 orc high priests (D)
  Sonja (D)
  2 lindwurms (D)
  A deep elf pyromancer (D)
  8 orc knights (D)
  2 ugly things (D)
  2 orc sorcerers (D)
  A cyclops (D)
  Maurice (D)
  A black mamba (D)
  A cane toad (D)
  A gargoyle (D)
  A rime drake (D)
  A komodo dragon (D)
  Psyche (D)
  A tengu conjurer (D)
  A troll (D)
  A polar bear (D)
  A hornet (D)
  4 tyrant leeches (D)
  A blink frog (D)
  A slime creature (D)
  A shadow (D)
  Eustachio (D)
  A wyvern (D)
  A basilisk (D)
  A steam dragon (D)
  4 water moccasins (D)
  An acid dragon (D)
  12 orc warriors (D)
  4 bullfrogs (D)
  3 orc priests (D)
  3 orc wizards (D)
  A hell rat (D)
  3 adders (D)
  A shadow imp (D)
  2 worms (D)
  11 orcs (D)
  An endoplasm (D)
  3 kobolds (D)
  A quokka (D)
102 creatures vanquished.

Notes
Turn   | Place    | Note
-------+----------+-------------------------------------------
     0 | D        | DiggyJ the Ogre Gladiator began the quest for the Orb.
     0 | D        | Reached XP level 1. HP: 22/22 MP: 1/1
    10 | D        | Reached skill level 3 in Fighting
    40 | D        | Reached XP level 2. HP: 21/31 MP: 2/2
    50 | D        | Reached XP level 3. HP: 27/39 MP: 3/3
    67 | D        | Reached skill level 4 in Fighting
    91 | D        | Found a snail-covered altar of Cheibriados.
    91 | D        | Found a shadowy altar of Dithmenos.
    91 | D        | Found a white marble altar of Elyvilon.
    91 | D        | Found a blossoming altar of Fedhas.
    91 | D        | Found an opulent altar of Gozag.
    92 | D        | Found a hazy altar of Hepliaklqana.
    93 | D        | Found a viscous altar of Jiyva.
    94 | D        | Found an ancient bone altar of Kikubaaqudgha.
    95 | D        | Found a corrupted altar of Lugonu.
    96 | D        | Found a burning altar of Makhleb.
    97 | D        | Found a sparkling altar of Nemelex Xobeh.
    98 | D        | Found an iron altar of Okawaru.
    99 | D        | Found a stormy altar of Qazlal.
   100 | D        | Found a sacrificial altar of Ru.
   101 | D        | Found a shimmering blue altar of Sif Muna.
   102 | D        | Found a bloodstained altar of Trog.
   103 | D        | Found a hide-covered altar of Uskayaw.
   104 | D        | Found a radiant altar of Vehumet.
   105 | D        | Found an ornate altar of the Wu Jian Council.
   114 | D        | Found a shimmering altar of Xom.
   115 | D        | Found a basalt altar of Yredelemnul.
   116 | D        | Found a glowing silver altar of Zin.
   117 | D        | Found a glowing golden altar of the Shining One.
   137 | D        | Became a worshipper of Cheibriados the Contemplative
   206 | D        | Noticed an acid dragon
   206 | D        | Noticed a steam dragon
   206 | D        | Noticed a two-headed ogre
   206 | D        | Noticed a hornet
   213 | D        | Reached skill level 5 in Maces & Flails
   213 | D        | Reached XP level 4. HP: 33/49 MP: 4/4
   218 | D        | Killed an acid dragon
   219 | D        | Reached skill level 5 in Fighting
   219 | D        | Reached XP level 5. HP: 59/59 MP: 5/5
   224 | D        | Killed a two-headed ogre
   224 | D        | Reached * piety under Cheibriados
   225 | D        | Reached skill level 9 in Fighting
   225 | D        | Reached XP level 6. HP: 75/75 MP: 6/6
   225 | D        | Reached XP level 7. HP: 83/83 MP: 7/7
   229 | D        | Killed a steam dragon
   230 | D        | Reached XP level 8. HP: 57/92 MP: 8/8
   231 | D        | Reached ** piety under Cheibriados
   231 | D        | Paralysed by a hornet for 3 turns
   237 | D        | Killed a hornet
   238 | D        | Reached skill level 10 in Fighting
   360 | D        | Noticed a deep elf pyromancer
   360 | D        | Noticed a gargoyle
   360 | D        | Noticed a cyclops
   360 | D        | Noticed a cyan ugly thing
   360 | D        | Noticed a shadow
   360 | D        | Noticed a troll
   369 | D        | Killed a deep elf pyromancer
   373 | D        | Killed a gargoyle
   374 | D        | Reached skill level 11 in Fighting
   374 | D        | Reached XP level 9. HP: 63/105 MP: 9/9
   379 | D        | Killed a cyclops
   379 | D        | Reached *** piety under Cheibriados
   380 | D        | Reached skill level 1 in Armour
   380 | D        | Reached skill level 10 in Dodging
   391 | D        | Killed a cyan ugly thing
   392 | D        | Reached skill level 12 in Fighting
   401 | D        | Killed a troll
   401 | D        | Reached **** piety under Cheibriados
   402 | D        | Reached skill level 1 in Stealth
   634 | D        | Got the +0 falchion of Urphoq {freeze, rPois}
   649 | D        | Noticed a cane toad
   653 | D        | Killed a cane toad
   653 | D        | Noticed a rime drake
   654 | D        | Reached skill level 13 in Fighting
   654 | D        | Reached skill level 15 in Maces & Flails
   654 | D        | Reached XP level 10. HP: 119/119 MP: 10/10
   657 | D        | Reached ***** piety under Cheibriados
   657 | D        | Noticed a six-headed hydra
   674 | D        | Killed a six-headed hydra
   682 | D        | Reached ****** piety under Cheibriados
   683 | D        | Reached skill level 14 in Fighting
   739 | D        | Noticed a black mamba
   767 | D        | Killed a black mamba
   794 | D        | Reached skill level 5 in Armour
   806 | D        | Noticed a lindwurm
   806 | D        | Noticed a lindwurm
   809 | D        | Killed a lindwurm
   810 | D        | Reached skill level 15 in Fighting
   810 | D        | Reached XP level 11. HP: 128/132 MP: 11/11
   815 | D        | Killed a lindwurm
   887 | D        | Noticed Psyche
   891 | D        | Killed Psyche
   892 | D        | Reached skill level 16 in Fighting
   907 | D        | Noticed Maurice
   913 | D        | Noticed Harold
   921 | D        | Killed Maurice
   931 | D        | Killed Harold
  1019 | D        | Noticed an orc sorcerer
  1019 | D        | Noticed an orc sorcerer
  1019 | D        | Noticed an orc knight
  1023 | D        | Killed an orc sorcerer
  1032 | D        | Killed an orc sorcerer
  1044 | D        | Killed an orc knight
  1045 | D        | Reached skill level 17 in Fighting
  1056 | D        | Noticed an orc knight
  1064 | D        | Killed an orc knight
  1109 | D        | Noticed an orc knight
  1120 | D        | Killed an orc knight
  1153 | D        | Reached skill level 18 in Fighting
  1165 | D        | Found Enwicu's General Store.
  1165 | D        | Noticed an orc high priest
  1165 | D        | Noticed an orc high priest
  1165 | D        | Noticed an orc knight
  1184 | D        | Killed an orc high priest
  1193 | D        | Killed an orc high priest
  1193 | D        | Noticed an orc high priest
  1194 | D        | Reached XP level 12. HP: 129/152 MP: 12/12
  1211 | D        | Killed an orc high priest
  1212 | D        | Reached skill level 19 in Fighting
  1212 | D        | Found Ymuliz's Weapon Shoppe.
  1215 | D        | Found Quastruru's Weapon Emporium.
  1219 | D        | Found Hiveg's Distillery.
  1379 | D        | Noticed Eustachio
  1390 | D        | Killed Eustachio
  1401 | D        | Noticed Sonja
  1405 | D        | Killed Sonja
  1460 | D        | Got the +8 mace "Ragi" {venom, rN+}
  1546 | D        | Noticed a centaur warrior
  1546 | D        | Noticed a boulder beetle
  1551 | D        | Noticed an ogre mage
  1554 | D        | Killed a centaur warrior
  1555 | D        | Reached skill level 20 in Fighting
  1556 | D        | Noticed a fire dragon
  1557 | D        | Noticed a fire dragon
  1558 | D        | Noticed an ice dragon
  1560 | D        | Killed an ogre mage
  1562 | D        | Noticed a fire giant
  1564 | D        | Noticed an ice dragon
  1567 | D        | Killed a fire dragon
  1569 | D        | Killed a fire dragon
  1569 | D        | Noticed a tengu warrior
  1571 | D        | Killed an ice dragon
  1572 | D        | Reached skill level 21 in Fighting
  1581 | D        | Killed a fire giant
  1584 | D        | Killed an ice dragon
  1591 | D        | HP: 6/161 [lindwurm (shapeshifter) (13)]
  1591 | D        | Slain by a lindwurm (shapeshifter)

Illustrated notes

Levels and vault maps discovered:
D:        linesprint [early_d, line_temple, items_1, d_10, items_2, lair_1,
          lair_end, items_3, orc_1, orc_end, items_4, d_15, swamp_1, shoals_1,
          snake_1, spider_1, d_20, vaults_1, items_5, swamp_end, shoals_end,
          snake_end, spider_end, vaults_end, d_27, items_6, zot_1, zot_end,
          crypt_end, forest_end, elf_end, slime_end, tomb_end, abyss_end,
          pan_hell_end]

Skill      XL: |  1  2  3  4  5  6  7  8  9 10 11 12 |
---------------+-------------------------------------+-----
Maces & Flails | 3 4 5 7 11 13 15 16 18 20 | 20.1
Dodging        | 3 4 6 8 9 10 11 12 14 | 14.3
Fighting       | 3 4 5 9 11 13 15 18 21 | 21.4
Throwing       | 3 4 |  4.4
Armour         | 2 5 7 |  7.9
Stealth        | 1 2 3 |  3.6

Action                     |  1- 3 |  4- 6 |  7- 9 | 10-12 || total
---------------------------+-------+-------+-------+-------++-------
  Melee: Flail             |    40 |       |       |       ||    40
         Morningstar       |     2 |    10 |    53 |   263 ||   328
         Punch             |       |       |     1 |     6 ||     7
         Great mace        |       |       |       |    38 ||    38
    Use: Potion            |     2 |     2 |     1 |     7 ||    12
         Scroll            |       |       |     2 |     7 ||     9
 Armour: Robe              |     7 |     3 |     5 |       ||    15
         Acid dragon scale |       |       |    13 |       ||    13
         Troll leather arm |       |       |     1 |    59 ||    60
  Dodge: Dodged            |    22 |    13 |    33 |   274 ||   342
